 Dungeon Crawl Stone Soup version 0.31.0-2-g5a2aebc5c2 (webtiles) character file.

Game seed: 9412107061785080360

113 Persephone the Chopper (level 4, 0/48 HPs)
             Began as an Oni Berserker on Jan 20, 2024.
             Was a Believer of Trog.
             Succumbed to Jessica's poison
             ... on level 2 of the Dungeon.
             The game lasted 00:02:23 (1005 turns).

Persephone the Chopper (Oni Berserker)              Turns: 1005, Time: 00:02:24

Health: 0/48       AC:  3    Str: 23    XL:     4   Next: 96%
Magic:  4/4        EV: 10    Int:  8    God:    Trog [**....]
Gold:   83         SH:  0    Dex:  8    Spells: 3/3 levels left

rFire   . . .        a - +0 hand axe
rCold   . . .        (no shield)
rNeg    . . .        b - +0 animal skin
rPois   .            (helmet restricted)
rElec   .            (no cloak)
rCorr   .            (gloves unavailable)
SInv    .            (boots unavailable)
Will    ++...        (no amulet)
Stlth   +            (no ring)
HPRegen 1.28/turn    (no ring)
MPRegen 0.09/turn

%: no passive effects
@: lethally poisoned (0 -> 0), strong-willed (expiring), on berserk cooldown,
attractive, regenerating (expiring), slowed, very slow
A: large, unfitting armour, horns 1, tough skin 1, double potion healing,
drunken brawling
a: Renounce Religion, Berserk, Trog's Hand


You were on level 2 of the Dungeon.
You worshipped Trog.
Trog was pleased with you.
You visited 1 branch of the dungeon, and saw 2 of its levels.

You collected 83 gold pieces.

Inventory:

Hand Weapons
 a - a +0 hand axe (weapon)
Armour
 b - a +0 animal skin (worn)
Jewellery
 j - a +4 ring of protection
Wands
 k - a wand of flame (17)
Scrolls
 c - a scroll of acquirement {unknown}
 f - 2 scrolls of blinking {unknown}
 g - a scroll of fog {unknown}
 h - a scroll of revelation {unknown}
 i - 2 scrolls of fear {unknown}
Potions
 d - a potion of attraction


   Skills:
 - Level 4.0 Fighting
 + Level 5.5 Axes
 - Level 2.6 Dodging


You had 3 spell levels left.
You didn't know any spells.
Your spell library was empty.

Dungeon Overview and Level Annotations

Branches:
Dungeon (2/15)

Altars:


Innate Abilities, Weirdness & Mutations

You are too large for most types of armour.
You have a pair of small horns on your head.
You have tough skin. (AC +1)
You gain doubled healing and magic from potions.
Whenever you drink a healing potion, you attack all around you.


Message History

You barely miss Jessica. Your headbutt misses Jessica.
Jessica is almost dead.
You hit the endoplasm.
You kill the endoplasm!
Trog accepts your kill.
You feel very sick.
You closely miss Jessica.
Jessica is almost dead.
You feel very sick.
Jessica hits you with a +1 dagger of venom.
You are more poisoned.
You slash Jessica!
You kill Jessica!
Trog accepts your kill.
Trog appreciates your killing of a magic user.
You feel very sick.
You feel very sick.
You feel a strong urge to attack something.
You feel very sick.
You are no longer berserk.
You are exhausted.
You feel yourself slow down.
* * * LOW HITPOINT WARNING * * *
You feel very sick.
* * * LOW HITPOINT WARNING * * *
You feel very sick.
* * * LOW HITPOINT WARNING * * *
You feel very sick.
It was a potion of attraction.
You feel attractive to monsters.
* * * LOW HITPOINT WARNING * * *
You feel sick.
It was a potion of berserk rage.
You're still recovering from your berserk rage.
* * * LOW HITPOINT WARNING * * *
You feel sick.
Your skin crawls.
You feel strong-willed.
You feel the effects of Trog's Hand fading.
You die...

#♣.###.##
..♣♣♣..#....#
..$....).##+#
.♣♣♣.$...##
#♣)..>.#
♣.....#
#♣.....#
.♣♣♣..)...#
.......@..#
.#.............
#...?.........
...............
##.#.....#...>.
#.############
#


There were no monsters in sight!

Vanquished Creatures
  Jessica (D:2)
  Robin (D:2)
  A gnoll (D:1)
  An adder (D:2)
  A ribbon worm (D:2)
  A dart slug (D:1)
  5 endoplasms
  2 giant cockroaches (D:2)
  15 goblins
  4 hobgoblins
  4 jackals
  A quokka (D:2)
  A ball python (D:2)
  4 bats
  4 frilled lizards
  2 kobolds
  2 rats
50 creatures vanquished.

Notes
Turn   | Place    | Note
-------+----------+-------------------------------------------
     0 | D:1      | Persephone the Oni Berserker began the quest for the Orb.
     0 | D:1      | Reached XP level 1. HP: 24/24 MP: 1/1
    63 | D:1      | Reached XP level 2. HP: 11/32 MP: 2/2
   190 | D:1      | Reached skill level 4 in Axes
   267 | D:1      | Reached XP level 3. HP: 26/39 MP: 3/3
   624 | D:2      | Noticed Robin
   632 | D:2      | Reached ** piety under Trog
   636 | D:2      | Killed Robin
   637 | D:2      | Reached XP level 4. HP: 40/48 MP: 4/4
   742 | D:2      | Reached skill level 5 in Axes
   985 | D:2      | Noticed Jessica
   997 | D:2      | Killed Jessica
  1003 | D:2      | HP: 2/48 [poisoned by Jessica]
  1005 | D:2      | Succumbed to Jessica's poison

Illustrated notes

Levels and vault maps discovered:
D:1:      roderic_dead_forest, layout_rooms
D:2:      layout_rooms, minmay_stone_trees_large, dk_noncrumbling_3,
          chequers_serial_rivers_room_a, amethyst_killhole,
          chequers_serial_rivers_marsh, minmay_pentomino_s2, uniq_robin,
          uniq_natasha, uniq_jessica

Skill      XL: |  1  2  3  4 |
---------------+-------------+-----
Axes           | 4 5 |  5.5
Fighting       | |  4.0
Dodging        | |  2.6

Action                     |  1- 3 |  4- 6 || total
---------------------------+-------+-------++-------
  Melee: Hand axe          |    66 |    30 ||    96
         Headbutt          |    12 |     3 ||    15
 Invoke: Berserk           |     1 |     1 ||     2
         Trog's Hand       |       |     1 ||     1
    Use: Potion            |       |     2 ||     2
 Armour: Animal skin       |    65 |    18 ||    83
  Dodge: Dodged            |    43 |    16 ||    59
